 Dungeon Crawl Stone Soup version 0.19.0-2-gae57169 (webtiles) character file.

291 Helmschank the Magician (level 6, -1/32 HPs)
             Began as a Deep Elf Fire Elementalist on Nov 6, 2016.
             Shot with an arrow by a centaur (9 damage)
             ... on level 3 of the Dungeon.
             The game lasted 00:23:40 (4547 turns).

Helmschank the Magician (DEFE)                      Turns: 4547, Time: 00:23:41

Health: -1/32      AC:  4    Str:  5    XL:     6   Next: 10%
Magic:  8/15       EV: 13    Int: 22    God:
Gold:   138        SH:  0    Dex: 15    Spells: 4 memorised, 5 levels left

rFire  . . .     SeeInvis .     i - -3 short sword (curse)
rCold  . . .     Gourm    .     f - +0 robe
rNeg   . . .     Faith    .     (no shield)
rPois  .         Spirit   .     s - +0 helmet
rElec  .         Reflect  .     B - +0 cloak (curse)
rCorr  .         Harm     .     (no gloves)
MR     .....                    (no boots)
Stlth  ++........               (no amulet)
                                (no ring)
                                (no ring)

@: heavily drained
A: no striking features
a: no special abilities


You were on level 3 of the Dungeon.
You were not hungry.

You visited 1 branch of the dungeon, and saw 3 of its levels.

You collected 138 gold pieces.

Inventory:

Hand Weapons
 a - a +0 dagger
 i - a cursed -3 short sword (weapon)
 r - a +0 short sword
 w - a +2 flail of protection
Missiles
 e - 81 stones (quivered)
 j - 35 poisoned needles
 D - 5 curare-tipped needles
Armour
 f - a +0 robe (worn)
 s - a +0 helmet (worn)
 B - a cursed +0 cloak (worn)
Jewellery
 I - an uncursed amulet of harm
 L - an uncursed ring of protection from cold {unknown}
Wands
 d - a wand of polymorph (1/24)
 q - a wand of polymorph (4/24)
 F - a wand of iceblast (7/15)
Scrolls
 g - a scroll of magic mapping {unknown}
 l - 2 scrolls of fear {unknown}
 n - a scroll of teleportation {unknown}
 p - a scroll of fog {unknown}
 v - a scroll of random uselessness {unknown}
 y - 2 scrolls of enchant armour {unknown}
 E - 3 scrolls of remove curse {unknown}
 G - 3 scrolls of identify {unknown}
 H - 2 scrolls of recharging {unknown}
 J - a scroll of immolation {unknown}
Potions
 h - 4 potions of heal wounds {unknown}
 m - a potion of cancellation {unknown}
 o - a potion of might
 t - 3 potions of curing {unknown}
 u - a potion of flight {unknown}
 x - a potion of mutation {unknown}
 z - a potion of ambrosia {unknown}
 A - a potion of brilliance {unknown}
 C - 2 potions of degeneration {unknown}
Books
 b - a book of Flames

   Spells                             Type                      Level
   a - Flame Tongue                   Conjuration/Fire             1
   b - Throw Flame                    Conjuration/Fire             2
   c - Conjure Flame                  Conjuration/Fire             3
   d - Inner Flame                    Hexes/Fire                   3
   e - Sticky Flame                   Conjuration/Fire             4
   f - Fireball                       Conjuration/Fire             5
Comestibles
 c - 3 bread rations
 k - 4 meat rations
 K - 3 chunks of flesh


   Skills:
 + Level 4.1(2.6) Dodging
 - Level 2.4(1.0) Stealth
 * Level 5.1(3.6) Spellcasting
 - Level 3.7(2.2) Conjurations
 - Level 4.5(3.0) Fire Magic


You had 5 spell levels left.
You knew the following spells:

 Your Spells              Type           Power        Failure   Level  Hunger
a - Throw Flame           Conj/Fire      ###...       8%          2    #......
q - Conjure Flame         Conj/Fire      ###.....     12%         3    ###....
x - Sticky Flame          Conj/Fire      ###.....     38%         4    ####...
z - Flame Tongue          Conj/Fire      ###..        4%          1    None


Dungeon Overview and Level Annotations

Branches:
Dungeon (3/15)

Altars:
Gozag
Makhleb
Xom


Message History

Confirm with . or Enter, or press ? or * to list all spells.
Aiming: Flame Tongue
Press: ? - help, Shift-Dir - straight line, f/p - centaur
Aim: a centaur (lightly wounded, covered in liquid flames)
The flame tongue hits the centaur.
The centaur is moderately wounded.
The centaur burns!
The centaur closely misses you.
Casting: Flame Tongue
Confirm with . or Enter, or press ? or * to list all spells.
Aiming: Flame Tongue
Press: ? - help, Shift-Dir - straight line, f/p - centaur
Aim: a centaur (heavily wounded, covered in liquid flames)
The flame tongue hits the centaur.
The centaur is heavily wounded.
The centaur burns!
The centaur hits you!
* * * LOW HITPOINT WARNING * * *
The centaur barely misses you.
The centaur burns!
The centaur wields a shortbow.
The centaur shoots an arrow.
The arrow hits you!
You die...

.## ..# ..
..# .#. #.#
... #.# .#
#.# #c# ##.
#.###### ...
#.@....# ###
#.####.# #.#
#.# #. .#
#.# #.#
###.#.##.#
#.# #.#
.........###
#<# #.#
##..........
..# #.#
......#...
## #.#
##.#....###
#.#


You could see a centaur (burning).

Vanquished Creatures
  An orc priest (D:3)
  Terence (D:2)
  Natasha (D:3)
  Robin (D:2)
  A gnoll (D:1)
  6 adders
  2 oozes
  A worm (D:2)
  5 dart slugs
  4 leopard geckos
  2 orcs
  A ball python (D:1)
  9 bats
  2 giant cockroaches (D:2)
  20 goblins
  13 hobgoblins
  4 jackals
  8 kobolds
  2 quokkas
  7 frilled lizards
  23 rats
114 creatures vanquished.

Notes
Turn   | Place    | Note
-------+----------+-------------------------------------------
     0 | D:1      | Helmschank the Deep Elf Fire Elementalist began the quest for the Orb.
     0 | D:1      | Reached XP level 1. HP: 10/10 MP: 6/6
   307 | D:1      | Reached XP level 2. HP: 15/15 MP: 6/8
   674 | D:1      | Learned a level 2 spell: Throw Flame
   876 | D:1      | Reached XP level 3. HP: 19/19 MP: 5/9
  1134 | D:1      | Learned a level 3 spell: Conjure Flame
  1921 | D:2      | Found a shimmering altar of Xom.
  1963 | D:2      | Found a burning altar of Makhleb.
  2089 | D:1      | Reached XP level 4. HP: 24/24 MP: 4/11
  2382 | D:2      | Noticed Robin
  2419 | D:2      | Killed Robin
  2538 | D:2      | Noticed Terence
  2580 | D:2      | Killed Terence
  2753 | D:2      | Reached XP level 5. HP: 28/28 MP: 4/12
  2759 | D:2      | Learned a level 4 spell: Sticky Flame
  2975 | D:2      | Found an opulent altar of Gozag.
  3565 | D:2      | Reached skill level 4 in Spellcasting
  4458 | D:3      | Noticed Natasha
  4467 | D:3      | Killed Natasha
  4467 | D:3      | Reached skill level 5 in Spellcasting
  4467 | D:3      | Reached XP level 6. HP: 26/32 MP: 7/15
  4547 | D:3      | Shot with an arrow by a centaur

Skill      XL: |  1  2  3  4  5 |
---------------+----------------+-----
Conjurations   | 2 3 |  3.7
Dodging        | 3 4 |  4.1
Fire Magic     | 4 |  4.5
Spellcasting   | 5 |  5.1
Stealth        | |  2.4

Action                   |  1- 3 |  4- 6 || total
-------------------------+-------+-------++-------
Melee: Unarmed           |     2 |       ||     2
       Short sword       |       |    13 ||    13
Throw: Stone             |    35 |     6 ||    41
 Cast: Flame Tongue      |    63 |   106 ||   169
       Throw Flame       |    17 |    32 ||    49
       Conjure Flame     |     3 |     3 ||     6
       Sticky Flame      |       |     2 ||     2
  Eat: Chunk             |     3 |     9 ||    12
       Pizza             |     1 |       ||     1
Armor: Robe              |     9 |     8 ||    17
       Skin              |       |     6 ||     6
Dodge: Dodged            |    30 |    31 ||    61
